Zappo, chaotic male elven Wizard --------- |........ |.......| |..)<(... |.......| ----.---- ## # ### ) --------@- |.(....s)+ |.......>| |........| ---------- Zappo the Thaumaturge Experience level: 6 Strength: 11 Dexterity: 13 Constitution: 14 Intelligence: 19 Wisdom: 9 Charisma: 10 Health: 0(39) Energy: 3(71) AC: 5 Gold: 56 Moves: 993 Your Inventory: Coins $ - 56 gold pieces Amulets r - an uncursed amulet of magical breathing Weapons s - an uncursed +1 elven dagger (weapon in hand) Armor b - a blessed +2 cloak of magic resistance (being worn) t - a blessed fireproof +0 T-shirt (being worn) w - an uncursed +0 pair of iron shoes (being worn) Comestibles o - 6 uncursed food rations Scrolls j - an uncursed scroll of scare monster k - an uncursed scroll of remove curse Spellbooks l - a blessed spellbook of force bolt m - an uncursed spellbook of remove curse Potions f - 3 uncursed potions of water u - a cursed potion of object detection Rings d - an uncursed ring of protection from shape changers (on left hand) e - an uncursed ring of teleport control (on right hand) Wands c - an uncursed wand of cancellation (0:4) Spells known in the end: Name Level Category Fail Memory a - force bolt 1 attack 0% [||||||||] b - remove curse 3 clerical 76% [||||||||] Your skills at the end: Fighting Skills Weapon Skills quarterstaff [Basic / Expert] Spellcasting Skills attack spells [Basic / Expert] enchantment spells [Basic / Skilled] Final Attributes: You were devoutly aligned. Hunger level was 663. Your alignment was 14 / 14. Monster difficulty range was 1 - 6. Level difficulty was 7. You were immune to sleep. You were magic-protected. You saw invisible. You were telepathic. You had infravision. You had teleport control. You were protected from shape changers. Your luck was zero. You are dead. Vanquished creatures: a dwarf lord a water nymph 2 gnome lords a black naga hatchling a floating eye 2 kittens 3 dwarves a wererat 2 hobbits a large kobold 17 gnomes a gnome zombie a gecko 4 jackals a kobold a goblin 4 grid bugs a lichen 4 newts 49 creatures vanquished. Voluntary challenges: You were an atheist. You used a wielded weapon 42 times. You read items or engraved 3 times. You put on armor 4 times. You never genocided any monsters. You never polymorphed an object. You never changed form. You used 1 wish. You did not wish for any artifacts. You never wrote Elbereth's name. You never encountered a bones level. You never used any Sokoban shortcuts. Dungeon overview: The Dungeons of Doom: levels 1 to 3 Level 1 a long staircase Level 2 a general store, a fountain Level 3 stairs to The Gnomish Mines The Gnomish Mines: levels 4 to 7 Level 4 stairs to The Dungeons of Doom Level 7 <- You were here History has recorded: On T:1 you entered the Dungeons of Doom to retrieve the Amulet of Yendor! On T:144 you reached level 2 of The Dungeons of Doom. On T:206 you advanced to experience level 2. On T:319 you advanced to experience level 3. On T:368 you wished for "blessed fixed +3 t-shirt". On T:405 you reached level 3 of The Dungeons of Doom. On T:461 you reached level 1 of The Gnomish Mines. On T:468 you advanced to experience level 4. On T:544 you advanced to experience level 5. On T:672 you advanced to experience level 6. On T:904 you reached level 2 of The Gnomish Mines. On T:913 you reached level 3 of The Gnomish Mines. On T:949 you reached level 4 of The Gnomish Mines. Latest messages: The poisoned dart slips as you throw it! The gnome hits! [HP-4=24] The poisoned dart hits the gnome. You kill the gnome! There is a broken door here. You see here 2 poisoned darts. The giant spider bites! [HP-5=19] The giant spider bites! [HP-5=14] You hit the giant spider. The gnome shoots an arrow! The arrow misses the giant spider. You are almost hit by an arrow. The giant spider bites! [HP-5=9] You miss the giant spider. The giant spider bites! [HP-4=5] There is a broken door here. You see here 2 poisoned darts. The giant spider bites! You die... Final status: Goodbye Zappo the Wizard... You died in The Gnomish Mines on dungeon level 7 with 1601 points, and 56 pieces of gold, after 993 moves. You were level 6 with a maximum of 39 hit points when you died.